 Dungeon Crawl Stone Soup version 0.31-a0-95-g6fa058ef04 (webtiles) character file.

Game seed: 9667660951220950819

1484 Edyrem the Cleaver (level 8, -1/68 (73) HPs)
             Began as a Hill Orc Monk on May 25, 2023.
             Was an Initiate of Gozag.
             Succumbed to a scorpion's poison
             ... on level 6 of the Dungeon.
             The game lasted 00:12:06 (5795 turns).

Edyrem the Cleaver (Hill Orc Monk)                  Turns: 5795, Time: 00:12:06

HP:   -1/68 (73)    AC:  9    Str: 16    XL:     8   Next: 79%
MP:   8/8           EV: 12    Int: 10    God:    Gozag
Gold: 581           SH:  0    Dex: 13    Spells: 7/7 levels left

rFire   . . .        a - +2 war axe (heavy)
rCold   + . .        d - orb {light}
rNeg    . . .        m - +1 ring mail {rC+}
rPois   .            v - +2 hat
rElec   .            (no cloak)
rCorr   +            (no gloves)
SInv    .            (no boots)
Will    .....        (no amulet)
Stlth   +            r - ring of resist corrosion
HPRegen 0.31/turn    (no ring)
MPRegen 0.11/turn

%: no passive effects
@: lethally poisoned (-1 -> -10), gold aura, glowing, drained
A: no striking features
a: Renounce Religion, Potion Petition, Call Merchant, Bribe Branch


You were on level 6 of the Dungeon.
You worshipped Gozag.
Gozag was pleased with you.
You visited 2 branches of the dungeon, and saw 7 of its levels.

You collected 609 gold pieces.
You spent 28 gold pieces at shops.

Inventory:

Hand Weapons
 a - a +2 heavy war axe (weapon)
 b - the +4 whip "Duan" {freeze, Fly MP+9}
   (You found it on level 5 of the Dungeon)

   MP:        It affects your magic capacity (+9).
   Fly:       It grants you flight.
 y - a +3 dire flail of protection
Missiles
 u - 8 poisoned darts (quivered)
 x - 7 boomerangs
Armour
 d - an orb of light (worn)
 m - a +1 ring mail of cold resistance (worn)
 o - a +0 chain mail
 v - a +2 hat (worn)
 z - a +0 tower shield
Jewellery
 r - a ring of resist corrosion (left hand)
Wands
 q - a wand of roots (22)
Scrolls
 e - 3 scrolls of teleportation {unknown}
 h - a scroll of enchant weapon {unknown}
 i - 2 scrolls of enchant armour {unknown}
 j - a scroll of brand weapon {unknown}
 k - a scroll of identify {@r1}
 l - a scroll of immolation {unknown}
 s - a scroll of vulnerability {unknown}
Potions
 c - a potion of ambrosia
 f - 3 potions of enlightenment
 g - a potion of berserk rage
 n - a potion of haste
 p - a potion of attraction {unknown}
 t - 2 potions of invisibility
 w - a potion of might
 A - a potion of curing {@q2}


   Skills:
 + Level 7.5 Fighting
 + Level 8.1 Axes
 + Level 5.1 Armour
 + Level 5.1 Dodging


You had 7 spell levels left.
You didn't know any spells.
Your spell library contained the following spells:

 Spells                   Type           Power      Damage    Failure   Level
 Slow                     Hex            0%         N/A       56%         1
 Blink                    Tloc           0%         N/A       71%         2
 Confusing Touch          Hex            0%         N/A       90%         3
 Frozen Ramparts          Ice            0%         1d1       90%         3
 Ozocubu's Armour         Ice            0%         N/A       90%         3
 Vampiric Draining        Necr           0%         2d6       90%         3
 Ice Form                 Ice/Tmut       0%         N/A       100%        4
 Manifold Assault         Tloc           0%         N/A       100%        4
 Summon Ice Beast         Ice/Summ       0%         N/A       100%        4
 Ozocubu's Refrigeration  Ice            0%         4d7       100%        7
 Storm Form               Tmut/Air       0%         N/A       100%        7
 Maxwell's Capacitive Co  Air            0%         ∞         100%        8


Dungeon Overview and Level Annotations

Branches:
Dungeon (6/15)             Temple (1/1) D:4

Altars:
Ashenzari
Dithmenos
Elyvilon
Fedhas
Gozag
Hepliaklqana
Nemelex Xobeh
Trog
Uskayaw
Wu Jian
Yredelemnul
The Shining One

Shops:
D:3 ::?


Message History

The wight is severely damaged.
The scorpion barely misses you. The wight hits you with a +0 battleaxe.
A wight comes into view. It is wielding a +3 trident.
You hit the wight but do no damage.
The wight is severely damaged.
The scorpion stings you but does no damage.
The wight hits you but does no damage.
You barely miss the wight.
The wight is severely damaged.
The scorpion stings you.
You are poisoned.
The scorpion poisons you! The wight misses you.
You feel your magic capacity decrease.
You float gracefully downwards.
The +4 whip "Duan" {freeze, Fly MP+9} stops glowing.
a - a +2 heavy war axe (weapon)
You feel sick. The scorpion barely misses you.
You hit the wight but do no damage.
The wight is severely damaged.
You hit the scorpion.
You feel very sick. The scorpion misses you. The wight closely misses you.
The scorpion stings you.
* * * LOW HITPOINT WARNING * * *
The wight closely misses you.
You barely miss the scorpion.
The scorpion is lightly wounded.
You slash the wight!
You destroy the wight!
You feel very sick.
The scorpion stings you but does no damage.
The scorpion misses you. The wight closely misses you.
You feel better. The scorpion stings you.
* * * LOW HITPOINT WARNING * * *
You are poisoned.
The scorpion poisons you!
The wight hits you from afar with a +3 trident!
* * * LOW HITPOINT WARNING * * *
You barely miss the scorpion.
The scorpion is lightly wounded.
You die...
Your body crumbles into a pile of gold.

.....................#
.....................#
#..########...###..######
#))##...###...###..##...#..
..)................#.......
...................'..<....
#####.##.###..##...###..>##
.##+ ##..##...###...# .
#.....@........ .
#....$s........ ..
#...z..........
##..##....###.. #.. #+####
# ... ... .##


You could see a scorpion and a wight.

Vanquished Creatures
  Edmund (D:5)
  2 water moccasins (D:5)
  A black bear (D:5)
  A phantom (D:3)
  A bullfrog (D:4)
  A scorpion (D:5)
  A wight (D:6)
  The ghost of bakla the Shield-Bearer, a weakling MeFi of Cheibriados (D:4)
  2 electric eels (D:6)
  A gnoll bouda (D:6)
  6 hounds
  An orc priest (D:4)
  An iguana (D:4)
  4 orc wizards (D:6)
  8 gnolls
  10 adders
  2 white imps
  2 ufetubi
  4 worms
  22 orcs
  4 bats
  6 endoplasms
  4 giant cockroaches
  5 goblins
  9 hobgoblins
  13 jackals
  2 kobolds (D:1)
  5 quokkas
  4 ball pythons
  5 frilled lizards
  A goblin skeleton (D:4)
  2 goblin zombies (D:4)
  3 hobgoblin zombies (D:4)
  A kobold zombie (D:4)
  2 orc skeletons (D:4)
  An orc zombie (D:4)
  8 rats
147 creatures vanquished.

Notes
Turn   | Place    | Note
-------+----------+-------------------------------------------
     0 | D:1      | Edyrem the Hill Orc Monk began the quest for the Orb.
     0 | D:1      | Reached XP level 1. HP: 19/19 MP: 1/1
    60 | D:1      | Reached XP level 2. HP: 22/27 MP: 2/2
   332 | D:1      | Reached XP level 3. HP: 32/33 MP: 3/3
  1386 | D:2      | Reached XP level 4. HP: 24/41 MP: 4/4
  1394 | D:2      | Reached skill level 5 in Axes
  2112 | D:2      | Reached XP level 5. HP: 47/47 MP: 5/5
  2228 | D:2      | Reached skill level 1 in Armour
  2406 | D:3      | Found Arewas's Book Boutique.
  2441 | D:3      | Found Juipucli's Magic Scroll Shop.
  2449 | D:3      | Bought a scroll of identify for 28 gold pieces
  2458 | D:3      | Found a faded altar of an unknown god.
  2638 | D:3      | Found a shadowy altar of Dithmenos.
  2639 | D:3      | Found a hazy altar of Hepliaklqana.
  2641 | D:3      | Noticed a shadow
  2858 | D:3      | Noticed a phantom
  2872 | D:3      | Killed a phantom
  2873 | D:3      | Reached skill level 5 in Fighting
  2904 | D:3      | Reached XP level 6. HP: 50/56 MP: 6/6
  2941 | D:3      | Found Gan Woud's Book Emporium.
  3381 | D:4      | Found a sparkling altar of Nemelex Xobeh.
  3562 | D:4      | Reached skill level 6 in Axes
  3709 | D:4      | Found a runed translucent door.
  3715 | D:4      | Noticed bakla's ghost (weakling MeFi)
  3723 | D:4      | Reached XP level 7. HP: 45/62 MP: 7/7
  3770 | D:4      | Killed bakla's ghost
  4084 | D:4      | Found a glowing golden altar of the Shining One.
  4209 | D:4      | Found a staircase to the Ecumenical Temple.
  4216 | Temple   | Entered the Ecumenical Temple
  4240 | Temple   | Became a worshipper of Gozag Ym Sagoz the Greedy
  4437 | D:5      | Entered Level 5 of the Dungeon
  4673 | D:5      | Reached skill level 7 in Axes
  4737 | D:5      | Reached XP level 8. HP: 61/71 MP: 8/8
  4863 | D:5      | Identified the +4 whip "Duan" {freeze, Fly MP+9}
  5071 | D:5      | Noticed Edmund
  5091 | D:5      | Killed Edmund
  5429 | D:6      | Reached skill level 5 in Dodging
  5539 | D:6      | Reached skill level 8 in Axes
  5556 | D:6      | Reached skill level 5 in Armour
  5794 | D:6      | HP: 3/68 [wight/+3 trident (12)]
  5795 | D:6      | Succumbed to a scorpion's poison

Illustrated notes

Levels and vault maps discovered:
D:1:      ldierk_walled_garden, layout_loops_corners, kennysheep_small_spiral,
          minmay_liquid_box, minmay_domino_4
D:2:      layout_loops_cross, minmay_misc_feat_nine_boxes, st_stairs_11,
          minmay_misc_feat_iff
D:3:      layout_basic, riverfiend_overflow_shadow_ancestor, serial_shops,
          nicolae_shop_stone, shop, nicolae_book_shop_shelving,
          dreamdust_ecumenical_altar_angels_and_demons,
          minmay_misc_feat_four_crosses
D:4:      layout_loops_ring, mainiacjoe_overflow_paths,
          nicolae_tso_besieged_by_evil, minmay_temple_entry_mist,
          ebering_ghost_sewer_d
D:5:      layout_basic, minmay_stone_trees_small, uniq_edmund
D:6:      layout_gridville, led_sif_pool, kennysheep_boxes
Temple:   nicolae_temple_bog_church

Skill      XL: |  1  2  3  4  5  6  7  8 |
---------------+-------------------------+-----
Fighting       | 4 5 6 7 |  7.5
Dodging        | 3 4 5 |  5.1
Axes           | 5 6 7 8 |  8.1
Armour         | 1 2 4 5 |  5.1

Action                     |  1- 3 |  4- 6 |  7- 9 || total
---------------------------+-------+-------+-------++-------
  Melee: Hand axe          |   102 |   184 |    98 ||   384
         War axe           |       |       |    45 ||    45
         Whip              |       |       |    27 ||    27
    Use: Scroll            |       |     3 |     1 ||     4
         Potion            |       |       |     8 ||     8
   Stab: Distracted        |       |       |     2 ||     2
 Armour: Robe              |    12 |       |       ||    12
         Chain mail        |    19 |    85 |    35 ||   139
         Ring mail         |       |       |    36 ||    36
  Dodge: Dodged            |    61 |    81 |    93 ||   235

Table legend: (Time is in decaauts)
 A = Elapsed time spent in this place.
 B = Non-inter-level travel time spent in this place.
 C = Inter-level travel time spent in this place.
 D = Time resting spent in this place.
 E = Time spent auto-exploring this place.
 F = Levels seen in this place.
 G = Mean time per level.
                   A        B        C        D        E       F      G
               +--------+--------+--------+--------+--------+-----+--------+
         Total |   5855 |   5709 |    146 |    792 |   3890 |   7 |  836.4 |
       Dungeon |   5810 |   5684 |    126 |    792 |   3883 |   6 |  968.3 |
        Temple |     45 |     25 |     20 |      0 |      7 |   1 |   45.0 |
               +--------+--------+--------+--------+--------+-----+--------+

Top non-repeatable levels by time:
     D:1: 1394 daAuts
     D:4: 1082 daAuts
     D:2: 1002 daAuts
     D:3: 937 daAuts
     D:5: 864 daAuts
     D:6: 528 daAuts
  Temple: 45 daAuts
